 Dungeon Crawl Stone Soup version 0.30.1 (webtiles) character file.

Game seed: 4895623258046687007

6086 BananaMan the Cleaver (level 10, -24/87 (91) HPs)
             Began as a Minotaur Fighter on July 5, 2023.
             Was a High Priest of Uskayaw.
             Annihilated by a spectral orc warlord
             ... wielding a +1 great sword
             ... summoned by Nergalle
              (29 damage)
             ... on level 1 of the Lair of Beasts.
             The game lasted 00:28:54 (9155 turns).

BananaMan the Cleaver (Minotaur Fighter)            Turns: 9155, Time: 00:28:55

HP:   -24/87 (91)   AC:  8    Str: 26    XL:     10   Next: 58%
MP:   9/9           EV: 18    Int:  5    God:    Uskayaw [*****.]
Gold: 373           SH:  0    Dex:  9    Spells: 9/9 levels left

rFire   + . .        p - +4 battleaxe (freeze)
rCold   + . .        (shield currently unavailable)
rNeg    . . .        i - +1 steam dragon scales
rPois   +            (helmet restricted)
rElec   +            (no cloak)
rCorr   +            (no gloves)
SInv    .            n - +0 pair of boots
Will    .....        (no amulet)
Stlth   ++           y - +5 ring of evasion
HPRegen 0.34/turn    (no ring)
MPRegen 0.11/turn

%: no passive effects
@: resistant, lightly drained
A: horns 2, retaliatory headbutt
a: Renounce Religion, Stomp, Line Pass, Grand Finale


You were on level 1 of the Lair of Beasts.
You worshipped Uskayaw.
Uskayaw was noncommittal.
You visited 3 branches of the dungeon, and saw 10 of its levels.

You collected 373 gold pieces.

Inventory:

Hand Weapons
 a - a +0 war axe
 g - a +2 dagger of venom
 p - a +4 battleaxe of freezing (weapon)
 x - a +0 halberd
Missiles
 k - 74 stones (quivered)
 m - 19 poisoned darts
Armour
 c - a +0 buckler
 i - +1 steam dragon scales (worn)
 n - a +0 pair of boots (worn)
 t - a +0 hat
 E - a +2 ring mail of cold resistance
Magical Staves
 r - a staff of death
 u - a staff of fire
Jewellery
 y - a +5 ring of evasion (left hand)
Scrolls
 d - 3 scrolls of noise
 h - a scroll of fog
 l - a scroll of poison
 o - a scroll of enchant weapon {unknown}
 v - 4 scrolls of teleportation
 F - a scroll of amnesia
 G - a scroll of fear
Potions
 b - a potion of cancellation
 e - a potion of attraction
 f - a potion of flight
 j - 3 potions of brilliance
 q - 7 potions of curing
 s - a potion of magic
 w - 2 potions of ambrosia
 A - 2 potions of degeneration
 B - a potion of resistance
 C - a potion of mutation


   Skills:
 + Level 9.3 Fighting
 + Level 13.0 Axes
 + Level 6.9 Armour
 + Level 5.7 Dodging
 + Level 3.3 Stealth
 + Level 6.6 Shields


You had 9 spell levels left.
You didn't know any spells.
Your spell library was empty.

Dungeon Overview and Level Annotations

Branches:
Dungeon (8/15)             Temple (1/1) D:7            Lair (1/5) D:8

Altars:
Ashenzari
Cheibriados
Dithmenos
Elyvilon
Fedhas
Gozag
Kikubaaqudgha
Makhleb
Nemelex Xobeh
Okawaru
Qazlal
Ru
Sif Muna
Trog
Uskayaw
Vehumet
Wu Jian
Xom
Yredelemnul
Zin
The Shining One

Shops:
D:1 *   D:3 (

Annotations:
Lair:1 Nergalle


Innate Abilities, Weirdness & Mutations

You have a pair of horns on your head.
You reflexively headbutt those who attack you in melee.


Message History

Uskayaw will force your foes to share their pain.
You closely miss Nergalle.
Nergalle is heavily wounded.
You feel sick.
Nergalle points at you and mumbles some strange words.
Orcish apparitions take form around you.
Nergalle gestures at you while chanting.
The bolt of negative energy hits you!!
You feel drained.
You slash Nergalle! You freeze Nergalle.
Nergalle is severely wounded.
You slice the spectral orc warlord!! You freeze the spectral orc warlord.
You slash the spectral orc! You freeze the spectral orc.
You destroy the spectral orc!
The spectral orc disappears in a puff of smoke!
You slash the spectral orc!
You destroy the spectral orc!
The spectral orc disappears in a puff of smoke!
You feel sick.
The spectral orc warlord hits you with a +1 great sword!
Nergalle drinks a potion.
Nergalle is healed!
You slice Nergalle!! You freeze Nergalle.
Nergalle is severely wounded.
You slash the spectral orc warlord! You freeze the spectral orc warlord.
You feel sick.
The spectral orc warlord hits you with a +1 great sword!!
* * * LOW HITPOINT WARNING * * *
Nergalle hits you with a +0 dagger.
* * * LOW HITPOINT WARNING * * *
You can now merge with and destroy a victim.
You feel protected.
You feel sick.
You are no longer poisoned.
The spectral orc warlord misses you.
Nergalle points at the spectral orc warlord and mumbles some strange words.
The spectral orc warlord seems to speed up.
You hit Nergalle but do no damage.
Nergalle is severely wounded.
You hit the spectral orc warlord.
The spectral orc warlord hits you with a +1 great sword!!
You die...

### ##.## .#### ##...#
.....## ### #....##
.......##.####....#
.......oZ.........####
...#.#.@.#####P##....#
#....# ####...##
##.### ###....## ##
#...#.## ##..#### ##
#..## ##.##..#
#...#.## #....##


You could see Nergalle and a spectral orc warlord (summoned, fast).

Vanquished Creatures
  Gastronok (D:8)
  A two-headed ogre (D:8)
  A cyclops (D:8)
  Prince Ribbit (D:6)
  Grinder (D:6)
  2 wyverns
  A steam dragon (D:6)
  Duvessa (D:5)
  2 water moccasins
  An orc warrior (D:6)
  An ice beast (D:6)
  3 ogres
  A sky beast (D:7)
  2 black bears
  3 centaurs
  3 phantoms
  A kobold brigand (D:6)
  2 bullfrogs
  2 scorpions (D:6)
  5 wights (D:8)
  Dowan (D:5)
  5 killer bees (D:7)
  3 howler monkeys (D:7)
  3 hounds
  A jelly (D:6)
  A gnoll bouda (D:8)
  An orc priest (D:8)
  3 iguanas
  A sleepcap (D:8)
  7 orc wizards
  12 gnolls
  10 adders
  A river rat (D:6)
  3 white imps
  An ufetubus (D:7)
  2 worms
  5 dart slugs
  22 orcs
  7 ball pythons
  8 endoplasms
  7 giant cockroaches
  8 goblins
  6 hobgoblins
  2 jackals (D:4)
  2 quokkas (D:1)
  3 bats
  2 frilled lizards
  12 kobolds
  12 rats
186 creatures vanquished.

Vanquished Creatures (others)
  An orc wizard (D:6)
1 creature vanquished.

Grand Total: 187 creatures vanquished

Notes
Turn   | Place    | Note
-------+----------+-------------------------------------------
     0 | D:1      | BananaMan the Minotaur Fighter began the quest for the Orb.
     0 | D:1      | Reached XP level 1. HP: 19/19 MP: 0/0
   236 | D:1      | Reached XP level 2. HP: 19/27 MP: 1/1
   371 | D:1      | Found Fywareso's Assorted Antiques.
   457 | D:1      | Reached skill level 3 in Axes
   579 | D:1      | Reached XP level 3. HP: 31/33 MP: 2/2
  1216 | D:2      | Found a broken altar of Ashenzari.
  1256 | D:2      | Reached XP level 4. HP: 39/40 MP: 3/3
  1875 | D:3      | Found a snail-covered altar of Cheibriados.
  2008 | D:3      | Found an opulent altar of Gozag.
  2075 | D:3      | Reached skill level 4 in Axes
  2159 | D:3      | Reached XP level 5. HP: 46/46 MP: 4/4
  2495 | D:3      | Reached skill level 5 in Armour
  2506 | D:3      | Reached skill level 5 in Axes
  2618 | D:3      | Found Nyefyc's Weapon Shoppe.
  2667 | D:3      | Noticed a phantom
  3063 | D:4      | Found a stormy altar of Qazlal.
  3395 | D:4      | Reached XP level 6. HP: 53/53 MP: 5/5
  3601 | D:4      | Reached skill level 1 in Dodging
  3822 | D:5      | Entered Level 5 of the Dungeon
  3978 | D:5      | Found a sparkling altar of Nemelex Xobeh.
  4078 | D:5      | Noticed Duvessa
  4078 | D:5      | Noticed Dowan
  4095 | D:5      | Killed Dowan
  4098 | D:5      | Killed Duvessa
  4099 | D:5      | Reached skill level 5 in Fighting
  4099 | D:5      | Reached skill level 6 in Axes
  4099 | D:5      | Reached XP level 7. HP: 22/61 MP: 6/6
  4737 | D:6      | Reached skill level 7 in Axes
  4838 | D:6      | Noticed a steam dragon
  4852 | D:6      | HP: 1/61 [steam dragon] (7)]
  4853 | D:6      | Killed a steam dragon
  4854 | D:6      | Reached skill level 5 in Shields
  4858 | D:6      | Reached XP level 8. HP: 25/70 MP: 7/7
  5043 | D:6      | Reached skill level 8 in Axes
  5120 | D:6      | Noticed Prince Ribbit
  5130 | D:6      | Killed Prince Ribbit
  5176 | D:6      | Found a glowing drain.
  5221 | D:6      | Reached skill level 9 in Axes
  5333 | D:6      | Noticed Grinder
  5346 | D:6      | Killed Grinder
  5443 | D:6      | Reached XP level 9. HP: 76/78 MP: 8/8
  5480 | D:6      | Reached skill level 10 in Axes
  5591 | D:6      | Reached skill level 1 in Stealth
  6081 | D:7      | Found a sacrificial altar of Ru.
  6298 | D:7      | Reached skill level 11 in Axes
  6465 | D:7      | Found an ornate altar of the Wu Jian Council.
  6482 | D:7      | Found a basalt altar of Yredelemnul.
  6592 | D:7      | Found a staircase to the Ecumenical Temple.
  6602 | Temple   | Entered the Ecumenical Temple
  6834 | Temple   | Became a worshipper of Uskayaw the Reveller
  7079 | D:7      | Reached * piety under Uskayaw
  7225 | D:7      | Reached ** piety under Uskayaw
  7781 | D:8      | Noticed Gastronok
  7785 | D:8      | Noticed a two-headed ogre
  7800 | D:8      | Noticed a cyclops
  7919 | D:8      | Killed a cyclops
  7919 | D:8      | Reached *** piety under Uskayaw
  7920 | D:8      | Reached skill level 5 in Dodging
  8274 | D:8      | Killed a two-headed ogre
  8275 | D:8      | Reached skill level 12 in Axes
  8275 | D:8      | Reached XP level 10. HP: 75/90 MP: 9/9
  8276 | D:8      | Reached **** piety under Uskayaw
  8631 | D:8      | Found a staircase to the Lair.
  8632 | D:8      | Found a broken altar of Ashenzari.
  8819 | D:8      | Killed Gastronok
  9078 | Lair:1   | Entered Level 1 of the Lair of Beasts
  9083 | Lair:1   | Reached skill level 13 in Axes
  9139 | Lair:1   | Noticed Nergalle
  9152 | Lair:1   | Noticed a spectral orc warlord
  9153 | Lair:1   | Reached ***** piety under Uskayaw
  9155 | Lair:1   | Annihilated by a spectral orc warlord

Illustrated notes

Levels and vault maps discovered:
D:1:      lemuel_arrival_funnel, layout_basic, serial_shops,
          nicolae_shop_peninsula, corexii_item_surrounded_by_moat,
          minmay_pentomino_u4
D:2:      layout_loops_cross, basic_altar, kennysheep_small_spiral,
          chequers_arboretum, minmay_misc_feat_rugged
D:3:      layout_loops_corners, kennysheep_slug_shrine,
          nicolae_gozag_seed_capital, serial_shops, nicolae_shop_statue_plus,
          lightli_corner_chamber
D:4:      layout_gridville, grunt_qazlal_clouds
D:5:      layout_loops_ring, mainiacjoe_overflow_tiny_flanked, hex_tiny,
          water_maze_lemuel, uniq_duvessa
D:6:      layout_basic, portal_sewer_entry_a, uniq_prince_ribbit1, uniq_grinder
D:7:      layout_basic, nicolae_ru_sacrificial_ziggurat,
          mainiacjoe_overflow_big_doors, minmay_temple_entry_mist
D:8:      layout_cave_pools, overflow_temple_1_default,
          nicolae_concentric_dashed_squares_wild, chequers_garden,
          hangedman_decor_riveting, nicolae_underground_beach, uniq_gastronok
Temple:   hellmonk_temple_forest_ring
Lair:1:   layout_misc_corridors, uniq_nergalle

Skill      XL: |  1  2  3  4  5  6  7  8  9 10 |
---------------+-------------------------------+-----
Armour         | 4 5 6 |  6.9
Fighting       | 4 5 6 8 9 |  9.3
Axes           | 3 4 5 6 7 9 12 13 | 13.0
Shields        | 4 5 6 |  6.6
Dodging        | 1 2 3 5 |  5.7
Stealth        | 2 3 |  3.3

Action                     |  1- 3 |  4- 6 |  7- 9 | 10-12 || total
---------------------------+-------+-------+-------+-------++-------
  Melee: War axe           |    64 |   147 |   210 |    15 ||   436
         Headbutt          |    10 |    19 |    30 |    10 ||    69
         Battleaxe         |       |       |       |    36 ||    36
  Throw: Stone             |       |     1 |       |       ||     1
    Use: Scroll            |       |    11 |     8 |     2 ||    21
         Potion            |       |       |     2 |     3 ||     5
   Stab: Sleeping          |       |       |     1 |       ||     1
         Paralysed         |       |       |       |     5 ||     5
 Armour: Scale mail        |    40 |    56 |       |       ||    96
         Ring mail         |       |       |    12 |       ||    12
         Steam dragon scal |       |       |    35 |     5 ||    40
  Dodge: Dodged            |    29 |    98 |   160 |    48 ||   335
  Block: Buckler           |    13 |    29 |    47 |     1 ||    90
